 Dungeon Crawl Stone Soup version 0.29.1-1-gd02db6906a (webtiles) character file.

Game seed: 17533276857039814999

1311 Ashen the Chiller (level 8, 58/58 HPs)
             Began as a Demonspawn Ice Elementalist on Sept 26, 2022.
             Was an Initiate of Vehumet.
             Got out of the dungeon alive.
             The game lasted 00:11:06 (6126 turns).

Ashen the Chiller (Demonspawn Ice Elementalist)     Turns: 6126, Time: 00:11:07

Health: 58/58      AC:  5    Str:  8    XL:     8   Next: 32%
Magic:  15/15      EV: 13    Int: 29    God:    Vehumet [......]
Gold:   255        SH:  0    Dex: 14    Spells: 10/17 levels left

rFire   . . .      SeeInvis .   G - +3 spear (venom)
rCold   . . .      Faith    .   (no shield)
rNeg    . . .      Spirit   .   u - +1 robe {Will+}
rPois   .          Reflect  .   (no helmet)
rElec   .          Harm     .   (no cloak)
rCorr   .          Rampage  .   (no gloves)
Will    +....                   t - +1 pair of boots
Stlth   +++.......              (no amulet)
HPRegen 0.19/turn               n - ring of wizardry
MPRegen 0.28/turn               l - +6 ring of intelligence

@: studying Dodging
A: hooves 1, magic regeneration, big brain 2
a: Renounce Religion


You escaped.
You worshipped Vehumet.
Vehumet was noncommittal.
You visited 2 branches of the dungeon, and saw 6 of its levels.

You collected 255 gold pieces.

Inventory:

Hand Weapons
 q - a +1 dagger of flaming
 G - a +3 spear of venom (weapon)
Missiles
 B - 3 throwing nets
Armour
 t - a +1 pair of boots (worn)
 u - a +1 robe of willpower (worn)
Jewellery
 e - a ring of protection from cold
 l - a +6 ring of intelligence (right hand)
 n - a ring of wizardry (left hand)
 D - a +6 ring of intelligence
Wands
 z - a wand of polymorph (12)
 A - a wand of mindburst (11)
 F - a wand of light (2)
Scrolls
 a - a scroll of immolation
 c - 5 scrolls of identify
 m - 2 scrolls of teleportation
 o - a scroll of fog
 s - a scroll of amnesia {unknown}
 x - 2 scrolls of vulnerability
Potions
 b - 2 potions of magic
 d - a potion of attraction {unknown}
 f - 2 potions of ambrosia {unknown}
 g - a potion of lignification {unknown}
 h - 3 potions of heal wounds
 i - a potion of haste {unknown}
 j - a potion of resistance {unknown}
 k - 3 potions of invisibility {unknown}
 p - 2 potions of mutation {unknown}
 r - a potion of brilliance {unknown}
 v - a potion of curing {unknown}
 C - 2 potions of flight {unknown}
 E - a potion of degeneration {unknown}


   Skills:
 + Level 3.5 Fighting
 + Level 4.2 Dodging
 + Level 4.0 Stealth
 * Level 5.3 Spellcasting
 * Level 6.1 Ice Magic


You had 10 spell levels left.
You knew the following spells:

 Your Spells              Type           Power      Damage    Failure   Level
a - Freeze                Ice            100%       1d11      1%          1
b - Frozen Ramparts       Ice            86%        1d13      1%          3
c - Ozocubu's Armour      Ice            43%        N/A       1%          3

Your spell library contained the following spells:

 Spells                   Type           Power      Damage    Failure   Level
 Foxfire                  Conj/Fire      28%        2x1d5     2%          1
 Sting                    Tmut/Pois      28%        1d4       2%          1
 Poisonous Vapours        Pois/Air       14%        N/A       4%          2
 Hailstorm                Conj/Ice       25%        3d7       7%          4
 Call Canine Familiar     Summ           7%         N/A       8%          3
 Conjure Flame            Conj/Fire      7%         6-21      8%          3
 Inner Flame              Hex/Fire       7%         N/A       8%          3
 Portal Projectile        Hex/Tloc       14%        N/A       8%          3
 Tukima's Dance           Hex            7%         N/A       8%          3
 Flame Wave               Conj/Fire      7%         2d5       24%         4
 Leda's Liquefaction      Hex/Erth       3%         N/A       24%         4
 Olgreb's Toxic Radiance  Pois           7%         N/A       24%         4
 Passage of Golubria      Tloc           7%         N/A       24%         4
 Yara's Violent Unravell  Hex/Tmut       3%         3d4       52%         5


Dungeon Overview and Level Annotations

Branches:
Dungeon (5/15)             Temple (1/1) D:4

Altars:
Ashenzari
Dithmenos
Fedhas
Kikubaaqudgha
Okawaru
Qazlal
Ru
Sif Muna
Vehumet
Xom

Shops:
D:2 =

Annotations:
D:4 Dowan, Duvessa
D:5 exclusion: statue


Innate Abilities, Weirdness & Mutations

You have large cloven feet.
You regenerate magic rapidly.
You have an extremely huge brain. (Int +4)


Message History

You see here an adder corpse.
There is a collapsed entrance here.
You enter the shallow water.
Moving in this stuff is going to be slow.
You see here an adder corpse.
You see here a river rat skeleton.
You see here a river rat skeleton.
You see here a river rat skeleton.
You see here a river rat skeleton.
You enter the shallow water.
Moving in this stuff is going to be slow.
You see here a +0 leather armour.
You enter the shallow water.
Moving in this stuff is going to be slow.
Done exploring.
(D) Dungeon (T) Temple
Where to? (Enter - D:4 @ (x,y), ? - help)
What level of the Dungeon? (default 1, ? - help)
There is a stone staircase leading up here.
You climb upwards.
Level annotation: Dowan, Duvessa
There is a stone staircase leading down here.
There is a stone staircase leading up here.
You climb upwards.
There is a stone staircase leading down here.
There is a stone staircase leading up here.
You climb upwards.
There is a stone staircase leading down here.
There is a stone staircase leading down here.
There is a stone staircase leading up here.
You climb upwards.
There is a stone staircase leading down here.
There is an open door here.
There is an open door here.
There is a staircase leading out of the dungeon here.
Are you sure you want to leave the Dungeon?
This will make you lose the game!
Alright, then stay!
Unknown command.
Are you sure you want to leave the Dungeon?
This will make you lose the game!
You have escaped!

#.........P.♣.#....#..#..# ######
#.........P...##'###'##..# #
#.............#.......#..# #
#.............'..##'###.[# #
#.............#..#....#..# ##
#.........P...##'#....#..# #.
#.........P.♣.#..#....#..# #.
#.........P...#..#....#..#######.
########..P...#.@#....#....##....
#..PPPP#########.##.##....
#................##.##...#
#................##..#...#
####################.#....
######.....# #..........#
#...[......# #...........


There were no monsters in sight!

Vanquished Creatures
  The ghost of diceflayer the Trooper, a novice DsFi (D:4)
  A black bear (D:4)
  A centaur (D:5)
  2 ogres (D:5)
  3 scorpions
  A gnoll bouda (D:4)
  2 hounds
  2 orc wizards
  2 iguanas (D:4)
  7 gnolls (D:4)
  4 river rats (D:5)
  10 adders
  A worm (D:5)
  13 orcs
  3 bats
  6 endoplasms
  A giant cockroach (D:1)
  6 goblins
  5 hobgoblins
  9 jackals
  6 kobolds
  5 quokkas
  8 ball pythons
  4 frilled lizards
  4 rats
107 creatures vanquished.

Vanquished Creatures (others)
  10 plants
10 creatures vanquished.

Grand Total: 117 creatures vanquished

Notes
Turn   | Place    | Note
-------+----------+-------------------------------------------
     0 | D:1      | Ashen the Demonspawn Ice Elementalist began the quest for
                  | the Orb.
     0 | D:1      | Reached XP level 1. HP: 13/13 MP: 3/3
   479 | D:1      | Gained mutation: You have an unusually large brain. (Int
                  | +2) [demonic ancestry]
   479 | D:1      | Reached XP level 2. HP: 13/19 MP: 3/5
  1030 | D:1      | Found a faded altar of an unknown god.
  1457 | D:2      | Reached XP level 3. HP: 24/25 MP: 3/6
  1695 | D:2      | Found Ohesol's Jewellery Boutique.
  1764 | D:2      | Learned a level 3 spell: Frozen Ramparts
  1768 | D:2      | Learned a level 3 spell: Ozocubu's Armour
  1787 | D:2      | Noticed a scorpion
  1799 | D:2      | Killed a scorpion
  1800 | D:2      | Reached skill level 1 in Fighting
  1800 | D:2      | Reached skill level 4 in Ice Magic
  1800 | D:2      | Reached XP level 4. HP: 32/32 MP: 0/8
  2588 | D:3      | Gained mutation: You have large cloven feet. [demonic
                  | ancestry]
  2588 | D:3      | Reached XP level 5. HP: 22/37 MP: 2/9
  3232 | D:4      | Noticed a black bear
  3236 | D:4      | Killed a black bear
  3237 | D:4      | Reached XP level 6. HP: 28/44 MP: 5/11
  3500 | D:4      | Noticed Dowan
  3501 | D:4      | Found a staircase to the Ecumenical Temple.
  3501 | D:4      | Noticed Duvessa
  3909 | D:4      | Reached skill level 5 in Ice Magic
  4048 | D:4      | Found a transporter.
  4054 | D:4      | Noticed diceflayer's ghost (novice DsFi)
  4061 | D:4      | Found a transporter.
  4089 | Temple   | Entered the Ecumenical Temple
  4515 | D:4      | Gained mutation: You have an extremely huge brain. (Int +4)
                  | [demonic ancestry]
  4515 | D:4      | Reached XP level 7. HP: 50/51 MP: 6/13
  4536 | D:4      | Killed diceflayer's ghost
  4889 | D:5      | Entered Level 5 of the Dungeon
  4950 | D:5      | Found a radiant altar of Vehumet.
  4958 | D:5      | Became a worshipper of Vehumet
  5034 | D:5      | Gained mutation: You regenerate magic rapidly. [demonic
                  | ancestry]
  5034 | D:5      | Reached XP level 8. HP: 33/58 MP: 11/15
  5197 | D:5      | Reached skill level 5 in Spellcasting
  5376 | D:5      | Reached skill level 6 in Ice Magic
  6126 | D:$      | Got out of the dungeon alive.

Illustrated notes

Levels and vault maps discovered:
D:1:      evilmike_arrival_home_sweet_home, layout_basic,
          hellmonk_ecumenical_altar_prayer_group, eino_curves_02,
          nicolae_concentric_dashed_squares_wild, minmay_tromino_v4_b
D:2:      layout_loops_ring, serial_shops,
          nicolae_shop_temple_entry_statues_fountains, minmay_misc_feat_tower
D:3:      layout_basic, serial_glass, glass_columns_c, glass_columns_b,
          glass_columns_a, glass_columns_a, glass_columns_c, glass_columns_b,
          glass_columns_a, glass_columns_a, glass_columns_b, glass_columns_a
D:4:      layout_loops_ring, minmay_temple_entry_statues_fountains,
          gammafunk_ghost_gnarly_gnolls, uniq_duvessa
D:5:      layout_cave_pools, vehumet_statue, serial_bayou, serial_bayou_shore_a,
          serial_bayou_pond_d, serial_bayou_ford_a, serial_bayou_pond_d,
          lightli_sewer_entry_pipes
Temple:   minmay_freezing_vapour_temple

Skill      XL: |  1  2  3  4  5  6  7  8 |
---------------+-------------------------+-----
Dodging        | 2 3 4 |  4.2
Stealth        | 2 3 4 |  4.0
Fighting       | 1 2 3 |  3.5
Ice Magic      | 4 5 6 |  6.1
Spellcasting   | 3 4 5 |  5.3

Action                   |  1- 3 |  4- 6 |  7- 9 || total
-------------------------+-------+-------+-------++-------
Melee: Unarmed           |    28 |    31 |       ||    59
       Dagger            |       |    55 |    21 ||    76
       Punch             |       |     2 |     2 ||     4
       Kick              |       |     3 |       ||     3
       Spear             |       |       |    69 ||    69
 Cast: Freeze            |    33 |    44 |     3 ||    80
       Frozen Ramparts   |     1 |     6 |     3 ||    10
       Ozocubu's Armour  |     1 |     1 |     4 ||     6
Evoke: Wand              |       |       |     1 ||     1
  Use: Scroll            |       |       |    11 ||    11
 Stab: Sleeping          |     3 |     4 |     3 ||    10
Armor: Robe              |     7 |    31 |    35 ||    73
Dodge: Dodged            |    34 |    92 |    63 ||   189
